 Dungeon Crawl Stone Soup version 0.27-a0-1154-gfdeffcb720 (webtiles) character file.

Game seed: 15220531032004234321

872 freelancePsychic the Fighter (level 8, -3/74 HPs)
             Began as a Gnoll Wanderer on May 14, 2021.
             Slain by Grinder (4 damage)
             ... on level 5 of the Dungeon.
             The game lasted 00:20:47 (8252 turns).

freelancePsychic the Fighter (Gnoll Wanderer)       Turns: 8252, Time: 00:20:47

Health: -3/74      AC:  6    Str: 11    XL:     8   Next: 4%
Magic:  9/12       EV: 13    Int: 15    God:
Gold:   352        SH:  0    Dex: 11    Spells: 9/12 levels left

rFire    + . .     SeeInvis .   i - +1 quarterstaff (freeze)
rCold    . . .     Faith    .   (shield currently unavailable)
rNeg     . . .     Spirit   .   b - +2 leather armour
rPois    .         Reflect  .   (no helmet)
rElec    .         Harm     .   (no cloak)
rCorr    .         Rampage  .   k - +0 pair of gloves
Will     .....     Clarity  +   (no boots)
Stlth    ++........             o - amulet of magic regeneration
HPRegen  0.00/turn              (no ring)
MPRegen  0.38/turn              (no ring)

@: on berserk cooldown, very slightly contaminated, slowed, very slow
A: fangs 1, strong nose, distributed training, clarity, fire resistance 1,
inhibited regeneration
a: no special abilities


You were on level 5 of the Dungeon.
You visited 2 branches of the dungeon, and saw 6 of its levels.
You also visited: Sewer.

You collected 352 gold pieces.

Inventory:

Hand Weapons
 a - a +0 spear
 i - a +1 quarterstaff of freezing (weapon)
 l - a +1 spear of flaming
Missiles
 h - 63 bolts
Armour
 b - a +2 leather armour (worn)
 e - a +0 tower shield
 k - a +0 pair of gloves (worn)
 n - a +0 ring mail
Jewellery
 o - an amulet of magic regeneration (around neck)
 p - a +6 ring of strength
Wands
 m - a wand of iceblast (3) (quivered)
Potions
 d - a potion of attraction
 g - a potion of flight


   Skills:
 + Level 10.7 Fighting
 + Level 2.9 Short Blades
 + Level 2.9 Long Blades
 + Level 2.9 Axes
 + Level 2.9 Maces & Flails
 + Level 2.9 Polearms
 + Level 2.9 Staves
 + Level 2.9 Slings
 + Level 2.9 Bows
 + Level 2.9 Crossbows
 + Level 2.9 Throwing
 + Level 2.9 Armour
 + Level 5.4 Dodging
 + Level 3.8 Stealth
 + Level 5.4 Shields
 + Level 2.9 Unarmed Combat
 + Level 2.9 Spellcasting
 + Level 2.3 Conjurations
 + Level 2.3 Hexes
 + Level 2.3 Summonings
 + Level 2.3 Necromancy
 + Level 2.3 Translocations
 + Level 2.3 Transmutations
 + Level 2.3 Fire Magic
 + Level 2.3 Ice Magic
 + Level 2.3 Air Magic
 + Level 2.3 Earth Magic
 + Level 2.3 Poison Magic
 + Level 3.2 Invocations
 + Level 2.9 Evocations


You had 9 spell levels left.
You knew the following spells:

 Your Spells              Type           Power      Damage    Failure   Level
a - Summon Guardian Gole  Hex/Summ       9%         N/A       28%         3

Your spell library contained the following spells:

 Spells                   Type           Power      Damage    Failure   Level
 Animate Skeleton         Necr           18%        N/A       10%         1
 Pain                     Necr           36%        1d5       10%         1
 Inner Flame              Hex/Fire       9%         N/A       28%         3
 Vampiric Draining        Necr           4%         2d6       28%         3
 Animate Armour           Summ/Erth      18%        N/A       67%         4
 Animate Dead             Necr           4%         N/A       67%         4
 Cause Fear               Hex            4%         N/A       67%         4
 Agony                    Necr           9%         N/A       95%         5


Dungeon Overview and Level Annotations

Branches:
Dungeon (5/15)             Temple (1/1) D:4           Sewer (visited)

Altars:
Ashenzari
Dithmenos
Fedhas
Gozag
Kikubaaqudgha
Makhleb
Okawaru
Ru
Sif Muna
Trog
Uskayaw
Vehumet
Xom
Zin
The Shining One

Annotations:
D:4 exclusion: water moccasin
D:5 Grinder


Innate Abilities, Weirdness & Mutations

You have very sharp teeth.
Your uncanny sense of smell can sniff out nearby items.
Your experience applies equally to all skills.
You possess an exceptional clarity of mind.
Your flesh is heat resistant. (rF+)
You do not regenerate when monsters are visible.


Message History

You closely miss Grinder.
Grinder is severely wounded.
You are no longer corroded.
Grinder hits you but does no damage.
The quokka bites you but does no damage.
Grinder hits you but does no damage. The quokka completely misses you.
You closely miss Grinder.
Grinder is severely wounded.
The quokka bites you but does no damage.
Grinder hits you.
* * * LOW HITPOINT WARNING * * *
The quokka bites you but does no damage.
Grinder hits you but does no damage.
You barely miss Grinder.
Grinder is heavily wounded.
The quokka bites you but does no damage.
Grinder hits you but does no damage. The quokka barely misses you.
You hit Grinder.
Grinder is severely wounded.
Grinder blinks!
The quokka bites you but does no damage.
Grinder blinks!
The quokka bites you but does no damage.
You cannot move.
You sock the quokka! You freeze the quokka.
You kill the quokka!
Okay, then.
You aren't carrying any scrolls.
Casting: Summon Guardian Golem (dangerous; 22% risk of failure)
Confirm with . or Enter, or press ? or * to list all spells.
You miscast Summon Guardian Golem.
You are very lightly contaminated with residual magic.
You feel a bit tired.
Your magical effects are unravelling.
You feel as though you will be slow longer.
You feel less wooden.
Your +0 pair of gloves unmelds from your body.
Your +2 leather armour unmelds from your body.
Grinder hits you.
You die...

. .. ##........#.. ...
#.##...........
...##..........# h..
#.......#......#...#
#..#.?..#........?..
........#...#......#
......?.)...........
.........5##.#.....#.#
....#.##.@# #####....##
.#.... #.†# #....###
##.###..##### #.....#
#.#........#####.....
..................#
...................###
.....................##
......................#
....................###


You could see Grinder.

Vanquished Creatures
  A water moccasin (D:4)
  A howler monkey (D:5)
  A bullfrog zombie (D:5)
  A hound (D:5)
  A jelly (D:5)
  An orc priest (D:4)
  Jessica (D:3)
  Ijyb (D:3)
  4 orc wizards
  A hound skeleton (D:4)
  8 gnolls
  8 adders
  2 river rats (D:4)
  2 worms
  2 dart slugs
  23 orcs
  6 endoplasms
  6 giant cockroaches
  10 goblins
  8 hobgoblins
  13 jackals
  10 quokkas
  8 ball pythons
  12 bats
  5 frilled lizards
  7 kobolds
  4 rats
147 creatures vanquished.

Vanquished Creatures (others)
  A centaur (D:5)
  A bullfrog zombie (D:5)
2 creatures vanquished.

Grand Total: 149 creatures vanquished

Notes
Turn   | Place    | Note
-------+----------+-------------------------------------------
     0 | D:1      | Reached skill level 10 in Fighting
     0 | D:1      | freelancePsychic the Gnoll Wanderer began the quest for the
                  | Orb.
     0 | D:1      | freelancePsychic set off with the following items: a +0
                  | spear, a +2 leather armour, a potion of curing {@q1}
     0 | D:1      | Reached XP level 1. HP: 28/28 MP: 1/1
   193 | D:1      | Found a faded altar of an unknown god.
   295 | D:1      | Reached XP level 2. HP: 36/36 MP: 2/2
   758 | D:1      | Reached XP level 3. HP: 42/42 MP: 3/3
  1236 | D:1      | Reached skill level 1 in Invocations
  1984 | D:3      | Gained mutation: You are dopey. (Int -2) [potion of
                  | mutation]
  1984 | D:3      | Gained mutation: Your magical capacity is low. (-10% MP)
                  | [potion of mutation]
  2008 | D:3      | Noticed Jessica
  2038 | D:2      | Reached skill level 1 in Short Blades
  2038 | D:2      | Reached skill level 1 in Long Blades
  2038 | D:2      | Reached skill level 1 in Axes
  2038 | D:2      | Reached skill level 1 in Maces & Flails
  2038 | D:2      | Reached skill level 1 in Polearms
  2038 | D:2      | Reached skill level 1 in Staves
  2038 | D:2      | Reached skill level 1 in Slings
  2038 | D:2      | Reached skill level 1 in Bows
  2038 | D:2      | Reached skill level 1 in Crossbows
  2038 | D:2      | Reached skill level 1 in Throwing
  2038 | D:2      | Reached skill level 1 in Armour
  2038 | D:2      | Reached skill level 1 in Unarmed Combat
  2038 | D:2      | Reached skill level 1 in Spellcasting
  2038 | D:2      | Reached skill level 1 in Evocations
  2384 | D:2      | Found a shimmering blue altar of Sif Muna.
  2553 | D:1      | Reached XP level 4. HP: 22/48 MP: 5/5
  3141 | D:1      | Reached skill level 1 in Conjurations
  3141 | D:1      | Reached skill level 1 in Hexes
  3141 | D:1      | Reached skill level 1 in Summonings
  3141 | D:1      | Reached skill level 1 in Necromancy
  3141 | D:1      | Reached skill level 1 in Translocations
  3141 | D:1      | Reached skill level 1 in Transmutations
  3141 | D:1      | Reached skill level 1 in Fire Magic
  3141 | D:1      | Reached skill level 1 in Ice Magic
  3141 | D:1      | Reached skill level 1 in Air Magic
  3141 | D:1      | Reached skill level 1 in Earth Magic
  3141 | D:1      | Reached skill level 1 in Poison Magic
  4196 | D:2      | Reached XP level 5. HP: 54/54 MP: 6/6
  5471 | D:3      | Noticed Ijyb
  5489 | D:3      | Killed Ijyb
  5660 | D:3      | Killed Jessica
  5661 | D:3      | Reached XP level 6. HP: 53/61 MP: 7/7
  5876 | D:4      | Identified the Tome of the Creative Oath
  5888 | D:4      | Noticed a water moccasin
  5962 | D:4      | Reached skill level 5 in Dodging
  5962 | D:4      | Reached skill level 5 in Shields
  6148 | D:4      | Found a glowing drain.
  6181 | Sewer    | Entered a sewer
  6434 | Sewer    | Noticed a water moccasin
  6449 | Sewer    | Lost mutation: You are dopey. (Int -2) [potion of mutation]
  6449 | Sewer    | Lost mutation: Your magical capacity is low. (-10% MP)
                  | [potion of mutation]
  6449 | Sewer    | Gained mutation: You do not regenerate when monsters are
                  | visible. [potion of mutation]
  6449 | Sewer    | Gained mutation: You are somewhat resistant to further
                  | mutation. [potion of mutation]
  6449 | Sewer    | Gained mutation: Your flesh is heat resistant. (rF+)
                  | [potion of mutation]
  6450 | Sewer    | Lost mutation: Your flesh is heat resistant. (rF+) [potion
                  | of mutation]
  6450 | Sewer    | Lost mutation: You are somewhat resistant to further
                  | mutation. [potion of mutation]
  6450 | Sewer    | Gained mutation: Your flesh is heat resistant. (rF+)
                  | [potion of mutation]
  6450 | Sewer    | Gained mutation: You possess an exceptional clarity of
                  | mind. [potion of mutation]
  7136 | D:4      | Found a radiant altar of Vehumet.
  7172 | D:4      | Reached XP level 7. HP: 41/67 MP: 10/10
  7539 | D:4      | Learned a level 3 spell: Summon Guardian Golem
  7577 | D:4      | Found a staircase to the Ecumenical Temple.
  7735 | Temple   | Entered the Ecumenical Temple
  7989 | D:5      | Entered Level 5 of the Dungeon
  8191 | D:5      | HP: 3/67 [centaur/arrow (11)]
  8203 | D:5      | Noticed Grinder
  8213 | D:5      | Paralysed by Grinder for 4 turns
  8223 | D:5      | Reached XP level 8. HP: 70/74 MP: 12/12
  8232 | D:5      | Paralysed by Grinder for 6 turns
  8245 | D:5      | HP: 5/111 [Grinder (2)]
  8248 | D:5      | HP: 1/111 [Grinder (4)]
  8252 | D:5      | Slain by Grinder

Illustrated notes

Levels and vault maps discovered:
D:1:      ncdulo_halloftheorcs, layout_loops_corners,
          ebering_ecumenical_altar_petrified
D:2:      layout_rooms, basic_altar, kennysheep_generic_room_3
D:3:      layout_rooms, chequers_arboretum, uniq_ijyb, uniq_jessica
D:4:      kennysheep_the_goblin_king, layout_rooms, general_overflow_altar,
          minmay_temple_entry_offerings, gup_sewer_entry_bubbles
D:5:      layout_cave_pools, st_stairs_13, uniq_crazy_yiuf_cottage, uniq_pikel,
          uniq_grinder
Temple:   jpeg_temple_clearing

Skill      XL: |  1  2  3  4  5  6  7 |
---------------+----------------------+-----
Fighting       | | 10.7
Invocations    | 1 2 3 |  3.2
Short Blades   | 1 2 |  2.9
Long Blades    | 1 2 |  2.9
Axes           | 1 2 |  2.9
Maces & Flails | 1 2 |  2.9
Polearms       | 1 2 |  2.9
Staves         | 1 2 |  2.9
Slings         | 1 2 |  2.9
Bows           | 1 2 |  2.9
Crossbows      | 1 2 |  2.9
Throwing       | 1 2 |  2.9
Armour         | 1 2 |  2.9
Unarmed Combat | 1 2 |  2.9
Spellcasting   | 1 2 |  2.9
Evocations     | 1 2 |  2.9
Conjurations   | 1 2 |  2.3
Hexes          | 1 2 |  2.3
Summonings     | 1 2 |  2.3
Necromancy     | 1 2 |  2.3
Translocations | 1 2 |  2.3
Transmutations | 1 2 |  2.3
Fire Magic     | 1 2 |  2.3
Ice Magic      | 1 2 |  2.3
Air Magic      | 1 2 |  2.3
Earth Magic    | 1 2 |  2.3
Poison Magic   | 1 2 |  2.3
Stealth        | 3 |  3.8
Dodging        | 5 |  5.4
Shields        | 5 |  5.4

Action                   |  1- 3 |  4- 6 |  7- 9 || total
-------------------------+-------+-------+-------++-------
Melee: Spear             |   206 |   384 |    45 ||   635
       Bite              |    11 |    30 |     4 ||    45
       Quarterstaff      |       |    31 |    69 ||   100
 Cast: Summon Guardian G |       |       |     3 ||     3
Evoke: Wand              |       |     4 |     2 ||     6
  Use: Potion            |     3 |     5 |     6 ||    14
       Scroll            |     1 |     2 |     2 ||     5
 Stab: Sleeping          |     7 |     3 |       ||    10
Armor: Leather armour    |    42 |   125 |    32 ||   199
       Skin              |       |       |    60 ||    60
Dodge: Dodged            |    67 |   253 |    67 ||   387
Block: Tower shield      |   141 |    41 |       ||   182

Table legend: (Time is in decaauts)
 A = Elapsed time spent in this place.
 B = Non-inter-level travel time spent in this place.
 C = Inter-level travel time spent in this place.
 D = Time resting spent in this place.
 E = Time spent auto-exploring this place.
 F = Levels seen in this place.
 G = Mean time per level.
                   A        B        C        D        E       F      G
               +--------+--------+--------+--------+--------+-----+--------+
         Total |   8412 |   8196 |    216 |   2952 |   3004 |   7 | 1201.7 |
       Dungeon |   8055 |   7854 |    201 |   2742 |   2922 |   5 | 1611.0 |
        Temple |     82 |     68 |     14 |      0 |     68 |   1 |   82.0 |
         Sewer |    274 |    274 |      0 |    210 |     14 |   1 |  274.0 |
               +--------+--------+--------+--------+--------+-----+--------+

Top non-repeatable levels by time:
     D:1: 2717 daAuts
     D:3: 1876 daAuts
     D:2: 1610 daAuts
     D:4: 1570 daAuts
     D:5: 281 daAuts
   Sewer: 274 daAuts
  Temple: 82 daAuts
